[Event "Early-Titled-Tuesday-Blitz-October-24-2023"]
[Site "Chess.com"]
[Date "2023.10.24"]
[Round "5"]
[White "JG-17"]
[Black "aranibos"]
[Result "1-0"]
[WhiteElo "2473"]
[BlackElo "2284"]
[TimeControl "180+1"]
[EndTime "8:55:15 PDT"]
[Termination "JG-17 won by checkmate"]

1. e4 c6 2. Nc3 d5 3. Nf3 Bg4 4.
h3 Bxf3 5. Qxf3 e6 6. d3 Nf6 7. g4 Bb4 8. Bd2 Bxc3 9. Bxc3 d4 10. Bd2 Qb6 11. O-O-O O-O 12. h4 Nfd7 13. g5 Nc5 14. h5 Na4 15. b3 Nc3 16. Bxc3 dxc3 17. d4 Qa5 18. Kb1 Qxg5 19. Qxc3 Nd7 20. Bc4 b5 21. Rdg1 Qh6 22. Bd3 Rfc8 23. Qe1 c5 24.
Bxb5 Nf6 25. e5 Nd5 26. c4 Nf4 27. Qe4 a6 28. Bc6 Ra7 29. d5 exd5 30. cxd5 Kh8 31. Rg4 Ng6 32. hxg6 Qd2 33. Rxh7+ Kg8 34. Rgh4 Qd1+ 35.
Kb2 Qd2+ 36. Ka3 Qc1+ 37. Ka4 fxg6 38. Rh8+ Kf7 39. Rxc8 Re7 40. Qf4+ Qxf4+ 41. Rxf4# 1-0

[Event "Early-Titled-Tuesday-Blitz-October-24-2023"]
[Site "Chess.com"]
[Date "2023.10.24"]
[Round "5"]
[White "C_K_G"]
[Black "AlexandraSamaganova"]
[Result "1-0"]
[WhiteElo "1888"]
[BlackElo "2318"]
[TimeControl "180+1"]
[EndTime "8:55:15 PDT"]
[Termination "C_K_G won on time"]

1. e4 c5 2. Nf3 e6 3. d4 cxd4 4. Nxd4 a6 5. Nc3 Qc7 6. Bd3 Nf6 7. O-O Nc6 8. Nb3 b5 9. Be3 Bb7 10. f4 d6 11. Qf3 Be7 12. a3 O-O 13. g4 b4 14. axb4 Nxb4 15. g5 Nd7 16. Qh5 Rfc8 17. Rf3 Nf8 18. Rh3 Nxd3 19. cxd3 d5 20. exd5 Bxd5 21.
Nxd5 exd5 22. f5 Qd6 23. f6 Bd8 24. fxg7 Kxg7 25. Bd4+ Kg8 26. Rf1 Qg6 27. Qg4 Rc6 28. Be3 Bb6 29. d4 a5 30. Rh6 Qg7 31. Rxc6 Ba7 32.
Rcf6 Re8 33. Rxf7 Qg6 34. Bf4 Qxf7 35. Be5 Qg6 36. Qf4 1-0

[Event "Early-Titled-Tuesday-Blitz-October-24-2023"]
[Site "Chess.com"]
[Date "2023.10.24"]
[Round "5"]
[White "M1711"]
[Black "Kotofeyca"]
[Result "1-0"]
[WhiteElo "2572"]
[BlackElo "2407"]
[TimeControl "180+1"]
[EndTime "8:55:16 PDT"]
[Termination "M1711 won by checkmate"]

1. e4 c5 2. Nf3 d6 3. c3 Nf6 4. Be2 Nc6 5. d4 cxd4 6. cxd4 d5 7. e5 Ne4 8. O-O Bf5 9. Nc3 e6 10. Be3 Rc8 11. Nd2 Nxd2 12. Qxd2 Be7 13. Rac1 O-O 14. f4 Bg6 15. g4 f5 16. g5 Na5 17. b3 Ba3 18. Rc2 Nc6 19. Nb5 Bb4 20. Qd1 a6 21.
Nc3 Ba3 22. Nb1 Be7 23. h4 Nb4 24. Rd2 Be8 25. a3 Nc6 26. h5 Na5 27. Bd3 Bb5 28.
Bxb5 axb5 29. Rc2 Qd7 30. Nd2 Rxc2 31. Qxc2 Rc8 32. Qd1 Bxa3 33. h6 g6 34. Qe2 Qc6 35.
Ra1 Bb4 36. Nf3 Nxb3 37. Rb1 Nc1 38. Rxc1 Qxc1+ 39. Bxc1 Rxc1+ 40. Kg2 Rc4 41. Qa2 Bf8 42. Qa7 Rc7 43. Qb6 Rc2+ 44. Kf1 b4 45. Qxe6+ Kh8 46. Qf6+ Kg8 47. e6 Rc1+ 48. Ke2 b3 49. Qf7+ Kh8 50. Qf6+ Kg8 51. Qf7+ Kh8 52. Qxf8# 1-0

[Event "Early-Titled-Tuesday-Blitz-October-24-2023"]
[Site "Chess.com"]
[Date "2023.10.24"]
[Round "5"]
[White "RobertoJBM"]
[Black "ATM622"]
[Result "0-1"]
[WhiteElo "2764"]
[BlackElo "2419"]
[TimeControl "180+1"]
[EndTime "8:55:16 PDT"]
[Termination "ATM622 won on time"]

1. d4 Nf6 2. Nf3 e6 3. e3 d5 4. Bd3 Be7 5. O-O O-O 6. Nbd2 Nbd7 7. e4 dxe4 8. Nxe4 Nxe4 9. Bxe4 Nf6 10. Bd3 c5 11.
dxc5 Bxc5 12. Qe2 h6 13. Bf4 Qe7 14. a3 b6 15. Rad1 Nd5 16. Bg3 Bb7 17. c4 f5 18. Be5 Nf6 19. b4 Bd6 20. Bxd6 Qxd6 21. Bxf5 Qf4 22. Bxe6+ Kh7 23. Bd5 Nxd5 24. cxd5 Rad8 25.
Rd4 Qf6 26. Rfd1 Rfe8 27. Qd3+ Kh8 28. h3 Rd6 29. Nh2 Red8 30. Ng4 Qg5 31. Ne3 Rf8 32.
Qe4 Rg6 33. Qg4 Qf6 34. Qh4 Qf3 35. Rg4 Rxg4 36. hxg4 Qf4 37. Rd2 Bc8 38. Qg3 Qe4 39. d6 Bd7 40. Kh2 Rf4 41. Rc2 Qe5 42. Rc4 g5 0-1

[Event "Early-Titled-Tuesday-Blitz-October-24-2023"]
[Site "Chess.com"]
[Date "2023.10.24"]
[Round "5"]
[White "LeoLV10"]
[Black "FlemingA"]
[Result "0-1"]
[WhiteElo "2568"]
[BlackElo "2452"]
[TimeControl "180+1"]
[EndTime "8:55:17 PDT"]
[Termination "FlemingA won by checkmate"]

1. e4 c6 2. d4 d5 3. e5 a6 4. Nf3 Bf5 5. h4 e6 6. Bd3 Bxd3 7. Qxd3 c5 8. c3 Nc6 9. Bg5 Qb6 10. Nbd2 h6 11.
Be3 c4 12. Qc2 Nge7 13. g4 h5 14. gxh5 Nf5 15. b3 cxb3 16. axb3 Rxh5 17. Qd3 Rc8 18. Ke2 Be7 19. Rab1 Qb5 20. c4 Qb6 21. Qc3 Bb4 22. Qd3 Bxd2 23. Qxd2 Qb4 24. Qd3 Qb6 25. Rhc1 Nb4 26.
Qd2 Nxh4 27. Nxh4 Rxh4 28. cxd5 Rxc1 29. Rxc1 Nxd5 30. Bg5 Rxd4 31. Qc2 Qc6 32. Qb2 Qb5+ 33. Ke1 Qb4+ 34. Kf1 Qb5+ 35. Ke1 Qb4+ 36. Ke2 Qb5+ 37.
Kf3 Qd3+ 38. Be3 Qf5+ 39. Ke2 Qd3+ 40. Ke1 Nxe3 41. fxe3 Qxe3+ 42. Kf1 Rf4+ 43. Kg2 Qf3+ 44. Kh2 Rh4+ 45. Kg1 Rh1# 0-1

[Event "Early-Titled-Tuesday-Blitz-October-24-2023"]
[Site "Chess.com"]
[Date "2023.10.24"]
[Round "5"]
[White "Maect19"]
[Black "MasterKroket"]
[Result "1-0"]
[WhiteElo "2292"]
[BlackElo "2516"]
[TimeControl "180+1"]
[EndTime "8:55:17 PDT"]
[Termination "Maect19 won by resignation"]

1. d4 Nf6 2. Nf3 g6 3. c3 Bg7 4. Bf4 Ne4 5. Nbd2 Nxd2 6. Qxd2 d5 7. e3 Nd7 8. Be2 a5 9. O-O O-O 10. c4 dxc4 11. Bxc4 Nb6 12. Bb3 a4 13. Bc2 Nd5 14.
Be5 Bxe5 15. Nxe5 a3 16. bxa3 Rxa3 17. Bb3 Nf6 18. Rfd1 c6 19. Qb4 Qd6 20. Qxd6 exd6 21. Nc4 Ra7 22. Nxd6 Rd8 23. Nxf7 Rf8 24. Ne5+ Kg7 25.
Rdb1 Ne4 26. Rc1 Nxf2 27. Rf1 Ne4 28. Rxf8 Kxf8 29. Rf1+ Kg7 30. Rf7+ Kh6 31. g4 c5 32. h4 g5 33. hxg5+ Kxg5 34. Rxh7 cxd4 35. exd4 Ra6 36. Rc7 Be6 37. Bxe6 Rxe6 38. Rxb7 Ra6 39. Rb2 Kf4 40. Kf1 Rh6 41. Rg2 Rh1+ 42. Ke2 Ra1 43. Kd3 Rd1+ 44. Kc4 Nd2+ 45. Kd5 Nb1 46. g5 Nc3+ 47. Kc4 Ne4 48. g6 Rc1+ 49. Kd5 Nf6+ 50. Ke6 Nh5 51. Nd3+ 1-0

[Event "Early-Titled-Tuesday-Blitz-October-24-2023"]
[Site "Chess.com"]
[Date "2023.10.24"]
[Round "5"]
[White "Alenzer"]
[Black "rikchessmx"]
[Result "0-1"]
[WhiteElo "2069"]
[BlackElo "2281"]
[TimeControl "180+1"]
[EndTime "8:55:19 PDT"]
[Termination "rikchessmx won on time"]

1. e4 e5 2. Nf3 Nc6 3. Bb5 Bc5 4. c3 Qf6 5. O-O Nge7 6. b4 Bb6 7. a4 a6 8. Bc4 O-O 9. d3 h6 10. Be3 d6 11.
Nbd2 Ng6 12. a5 Ba7 13. Re1 Nf4 14. Bxf4 Qxf4 15. Qe2 Ne7 16. Nf1 Ng6 17. d4 Qf6 18.
Rad1 Bg4 19. h3 Nf4 20. Qe3 Nxh3+ 21. gxh3 Bxf3 22. Rd3 Bh5 23. Ng3 Bg6 24. Bb3 Rae8 25. Kh2 h5 26. f3 h4 27. Ne2 c6 28. Rg1 d5 29. Rd2 exd4 30. Nxd4 dxe4 31. f4 Bb8 32.
Rf2 Bh5 33. Kh1 Re7 34. Qe1 e3 35. Rfg2 g6 36. f5 Bg3 37. Qf1 e2 38. Nxe2 Rxe2 39. fxg6 Rxg2 40. Qxg2 Qxg6 41. Rf1 Kg7 42. Qd2 c5 43.
bxc5 f5 44. Bc2 Qc6+ 45. Kg1 Qxc5+ 46. Kh1 Bg6 47. Qg5 Qc6+ 48. Kg1 Qf6 49. Qe3 f4 50.
Qf3 Bxc2 51. Qxb7+ Rf7 52. Qf3 Bg6 53. Qg4 f3 0-1

[Event "Early-Titled-Tuesday-Blitz-October-24-2023"]
[Site "Chess.com"]
[Date "2023.10.24"]
[Round "5"]
[White "mbachez"]
[Black "karinachess1"]
[Result "0-1"]
[WhiteElo "2457"]
[BlackElo "2629"]
[TimeControl "180+1"]
[EndTime "8:55:20 PDT"]
[Termination "karinachess1 won by checkmate"]

1. e4 e5 2. Nf3 Nc6 3. Bb5 Nf6 4. d3 d6 5. c3 Bd7 6. Ba4 g6 7. O-O Bg7 8. Re1 O-O 9. Nbd2 Qe8 10. Bb3 Kh8 11. Nf1 Nh5 12. d4 Rd8 13. Bg5 f6 14. Be3 f5 15. Bg5 Rc8 16. dxe5 dxe5 17. Ng3 Nxg3 18.
hxg3 h6 19. Be3 b6 20. exf5 gxf5 21. Nh4 Rd8 22. Qc1 Qh5 23. Bd1 Qf7 24. Bxh6 f4 25.
Bxg7+ Qxg7 26. Bc2 Rf6 27. Qd1 Bg4 28. Qc1 Rdf8 29.
Be4 Ne7 30. gxf4 Rxf4 31. f3 Bh3 32. g4 Qg5 33. Nf5 Nxf5 34. Bxf5 R8xf5 35. Kh2 Bxg4 36. Rh1 Rxf3 37. Qxg5 Rxg5 38. Rag1 Kg7 39. Rg2 Kf6 40. Rhg1 Rh5# 0-1

[Event "Early-Titled-Tuesday-Blitz-October-24-2023"]
[Site "Chess.com"]
[Date "2023.10.24"]
[Round "5"]
[White "MaxLeto"]
[Black "ideika"]
[Result "1-0"]
[WhiteElo "2561"]
[BlackElo "2352"]
[TimeControl "180+1"]
[EndTime "8:55:20 PDT"]
[Termination "MaxLeto won by checkmate"]

1. g4 h5 2. g5 h4 3. d4 d5 4. c4 c6 5. Nc3 g6 6. Bf4 Bf5 7. Qb3 Qc8 8. cxd5 Bg7 9. e4 Bg4 10. f3 Bd7 11. Nge2 b6 12. O-O-O cxd5 13. Qxd5 Qc6 14. Kb1 e6 15. Qxc6 Nxc6 16. Nb5 Kf8 17. Nec3 Nge7 18. d5 exd5 19. exd5 Ne5 20. Be2 a6 21.
Nd6 Nf5 22. Nde4 Rc8 23. Nf6 Bxf6 24. gxf6 Nc4 25. Rhe1 Nce3 26. Rd3 Nc4 27. Bd1 Bb5 28. Rd2 Kg8 29. Rg2 Kh7 30. Reg1 Rhe8 31. Bc2 Nce3 32. Bxe3 Nxe3 33. Rg4 Nxc2 34. Rxh4+ Kg8 35. Kxc2 Re2+ 36. Kb3 Re3 37. Rg3 Bc4+ 38. Kc2 Bxa2 39. Rgh3 Re2+ 40. Kd1 Bc4 41. Rh8# 1-0

[Event "Early-Titled-Tuesday-Blitz-October-24-2023"]
[Site "Chess.com"]
[Date "2023.10.24"]
[Round "5"]
[White "Beca95"]
[Black "AlexPapasimakopoulos"]
[Result "1/2-1/2"]
[WhiteElo "2926"]
[BlackElo "2678"]
[TimeControl "180+1"]
[EndTime "8:55:21 PDT"]
[Termination "Game drawn by agreement"]

1. d4 d5 2. c4 e6 3. Nc3 a6 4.
cxd5 exd5 5. Nf3 c6 6. Bf4 Bd6 7. Be5 Bxe5 8. Nxe5 Nd7 9. Nf3 Ngf6 10. e3 O-O 11.
Bd3 Re8 12. Qc2 c5 13. dxc5 Nxc5 14. O-O Bg4 15. Nd4 Rc8 16. Rac1 Bh5 17. Bf5 Bg6 18. Bxg6 hxg6 19. Rfd1 Nce4 20. Qb3 Nxc3 21. Rxc3 Rxc3 22. Qxc3 Ne4 23. Qc2 Qf6 24. Nf3 Qc6 25. Nd4 Qxc2 26. Nxc2 Rc8 27. Nd4 Kf8 28. f3 Nd6 29. Kf2 Ke7 30.
Rd2 g5 31. b3 g6 32. h3 Rc5 33.
Ke2 a5 34. a4 b6 35. Kd3 Nf5 36.
Ne2 Ke6 37. g4 Nh4 38. Nd4+ Kd6 39. Rd1 Rc8 40. Rg1 Kd7 41. Kd2 Kd6 42. Rf1 f5 43.
Rg1 Ke5 44. gxf5 Nxf5 45. Rxg5 Kf6 46. Rg4 Rh8 47. Nxf5 gxf5 48. Rd4 Ke6 49. h4 Rg8 50. e4 dxe4 51. fxe4 f4 52. Rd5 Rg2+ 53. Kd3 Rg3+ 54.
Kc2 Re3 55. Rb5 f3 56. Rf5 Rxe4 57. Rxf3 Rxh4 1/2-1/2

[Event "Early-Titled-Tuesday-Blitz-October-24-2023"]
[Site "Chess.com"]
[Date "2023.10.24"]
[Round "5"]
[White "GianmarcoVaR"]
[Black "Actuary44"]
[Result "1-0"]
[WhiteElo "2731"]
[BlackElo "2501"]
[TimeControl "180+1"]
[EndTime "8:55:21 PDT"]
[Termination "GianmarcoVaR won by checkmate"]

1. e4 c5 2. Nf3 d6 3. Bb5+ Nc6 4. O-O g6 5. d4 Bd7 6. d5 Ne5 7. Bxd7+ Nxd7 8. a4 Bg7 9. c3 Ngf6 10. Re1 O-O 11. Bf4 Nh5 12. Bg5 h6 13. Be3 f5 14. exf5 gxf5 15.
Nh4 Qe8 16. f4 Bf6 17. Nxf5 Qg6 18. g4 Ng7 19. Ng3 Bh4 20. f5 Qf7 21. Bxh6 Nf6 22.
c4 Bxg3 23. hxg3 Kh7 24. Bf4 Nd7 25. Nc3 Rh8 26. Ne4 Kg8 27. Kg2 Ne8 28. Rh1 Rxh1 29.
Qxh1 Qg7 30. Qc1 Qxg4 31. Qe3 Qxf5 32. Nf2 Qf6 33. Rh1 Ng7 34. Rh6 Nf5 35. Qd2 Nxh6 36. Bxh6 Qxh6 37. Qxh6 Kf7 38. Qe6+ Ke8 39. Ne4 Nf8 40.
Nxd6+ Kd8 41. Nxb7+ Kc7 42. Qc6+ Kb8 43. Nxc5 a5 44.
Qb7# 1-0

[Event "Early-Titled-Tuesday-Blitz-October-24-2023"]
[Site "Chess.com"]
[Date "2023.10.24"]
[Round "5"]
[White "Grandmaster1369"]
[Black "vugarrasulov"]
[Result "0-1"]
[WhiteElo "2800"]
[BlackElo "3009"]
[TimeControl "180+1"]
[EndTime "8:55:22 PDT"]
[Termination "vugarrasulov won on time"]

1. e4 e5 2. Nc3 Nf6 3. Bc4 Nc6 4.
d3 Bb4 5. Ne2 d5 6. exd5 Nxd5 7.
O-O Bxc3 8. Nxc3 Be6 9. Ne4 O-O 10. Ng5 Bf5 11. Qf3 Nde7 12. Be3 Bg6 13. Rae1 h6 14. Ne4 Nf5 15. Ng3 Nfd4 16. Qd1 Re8 17. c3 Ne6 18. b4 a6 19. a4 Qd7 20. h4 Ne7 21. h5 Bh7 22. Qg4 Kh8 23. Rd1 f5 24. Qh3 b5 25. axb5 axb5 26. Bxe6 Qxe6 27. Rfe1 Nd5 28. Bd2 Qf7 29. Qh4 Ra2 30. Nf1 f4 31. c4 bxc4 32. dxc4 Nb6 33. Bxf4 Nxc4 34. Bg3 Rf8 35.
Ne3 Nd6 36. Nd5 Nf5 37. Qg4 Nxg3 38. Qxg3 Qxf2+ 39. Qxf2 Rfxf2 40. Ne3 Be4 41. Rd8+ Kh7 42. Rd7 Bxg2 43. Ng4 Rf4 44. Nxe5 Rh4 0-1

[Event "Early-Titled-Tuesday-Blitz-October-24-2023"]
[Site "Chess.com"]
[Date "2023.10.24"]
[Round "5"]
[White "VOneChess"]
[Black "Slovak_fighter2000"]
[Result "1-0"]
[WhiteElo "2283"]
[BlackElo "2416"]
[TimeControl "180+1"]
[EndTime "8:55:22 PDT"]
[Termination "VOneChess won on time"]

1. e4 c5 2. Nf3 Nc6 3. d4 cxd4 4. Nxd4 g6 5. Nc3 Bg7 6. Be3 Nf6 7. Bc4 Qa5 8. O-O d6 9. h3 O-O 10. f4 Bd7 11.
Bb3 Rac8 12. Qf3 Nxd4 13. Bxd4 Bc6 14. Rad1 b5 15. a3 b4 16. axb4 Qxb4 17. Qe3 Nd7 18. Bxg7 Kxg7 19. e5 dxe5 20. fxe5 Qc5 21. Rd4 Qxe5 22.
Qd2 Nc5 23. Rh4 h5 24. Rhf4 Nxb3 25. cxb3 Qe6 26. Qd4+ f6 27. Qxa7 Ra8 28. Qc5 Rfc8 29. Qd4 Qxb3 30. Re1 e5 31. Qd6 Qf7 32. Rxe5 Ra7 33.
Re6 Rd7 34. Rexf6 Rxd6 35. Rxf7+ Kh6 36. Kh2 Rb8 37. Rf2 Rd4 38. Re7 Rdb4 39. Rff7 1-0

[Event "Early-Titled-Tuesday-Blitz-October-24-2023"]
[Site "Chess.com"]
[Date "2023.10.24"]
[Round "5"]
[White "YouJustFoundYourGodfather"]
[Black "Blitzstream"]
[Result "0-1"]
[WhiteElo "2622"]
[BlackElo "2847"]
[TimeControl "180+1"]
[EndTime "8:55:23 PDT"]
[Termination "Blitzstream won by checkmate"]

1. f4 e5 2. d3 d5 3. fxe5 Nc6 4. Nf3 Bg4 5. Bf4 Nge7 6. Nbd2 Ng6 7. Bg3 d4 8. c3 Bc5 9. Qa4 O-O 10. O-O-O a6 11. Qc4 Ba7 12. cxd4 Be6 13. Qc3 Nxd4 14. Nc4 b5 15.
Na5 c5 16. Nb3 b4 17. Qd2 Bxb3 18. Nxd4 Bxd1 19. Nc6 Qd7 20. Nxa7 Ba4 21. h4 h5 22. b3 Rxa7 23. bxa4 Qxa4 24. e3 Rb7 25. Be2 b3 26. a3 b2+ 27. Kb1 Qxa3 28. Kc2 b1=Q+ 29. Rxb1 Qa2+ 30. Kc3 Qxd2+ 31. Kxd2 Rxb1 32. Bf3 a5 33. Kc2 Rfb8 34. Bc6 R1b2+ 35. Kc3 R2b4 36. d4 Ne7 37. Bf3 cxd4+ 38. exd4 a4 39. d5 Rb3+ 40. Kd4 Nf5+ 41. Kc5 Nxg3 42. d6 Rxf3 43. gxf3 a3 44. e6 fxe6 45. d7 a2 46. Kd6 a1=Q 47. Ke7 Qa3+ 48. Kxe6 Rb6+ 49. Ke5 Qd6# 0-1

[Event "Early-Titled-Tuesday-Blitz-October-24-2023"]
[Site "Chess.com"]
[Date "2023.10.24"]
[Round "5"]
[White "vladislavkovalev"]
[Black "tetrix83"]
[Result "1-0"]
[WhiteElo "2876"]
[BlackElo "2632"]
[TimeControl "180+1"]
[EndTime "8:55:24 PDT"]
[Termination "vladislavkovalev won on time"]

1. e4 c5 2. Nf3 d6 3. Bb5+ Bd7 4. Bxd7+ Nxd7 5. c4 Ngf6 6. Nc3 e6 7. O-O Be7 8. Re1 O-O 9. b3 a6 10. Bb2 Ne5 11.
Nxe5 dxe5 12. d3 Qd6 13. Qe2 Rad8 14. Red1 Nd7 15. a3 f6 16. b4 Qc7 17. b5 a5 18. Bc1 Rf7 19. Rb1 b6 20. Rf1 g5 21.
Be3 Nf8 22. g3 Ng6 23. Rbd1 Bd6 24. Qh5 Rg7 25. Kg2 Kh8 26. Rh1 Rdg8 27. Kf1 Qf7 28. Ke1 Ne7 29. Qxf7 Rxf7 30. h4 g4 31. h5 f5 32. exf5 exf5 33. Bc1 Re8 34. Kd2 Ng8 35. Nd5 Rb8 36. Rde1 Nf6 37. Ne3 Nd7 38. Bb2 Kg8 39. Nd5 h6 40. Re2 Kh7 41. Rhe1 Rg8 42. Bxe5 Nxe5 43. Rxe5 Bxe5 44. Rxe5 Rg5 45. Re6 Rxh5 46. Nf6+ Kg6 47. Nxh5+ Kxh5 48. Rxb6 Kg5 49. Rc6 h5 50. Rxc5 h4 51. gxh4+ Kxh4 52. b6 f4 53. Rc7 Rf8 54. Rh7+ Kg5 55. Rg7+ Kh4 56. c5 Kh3 57. c6 g3 58.
fxg3 f3 59. Re7 f2 60. Re1 1-0

[Event "Early-Titled-Tuesday-Blitz-October-24-2023"]
[Site "Chess.com"]
[Date "2023.10.24"]
[Round "5"]
[White "jk13"]
[Black "Khromkin"]
[Result "0-1"]
[WhiteElo "2663"]
[BlackElo "2506"]
[TimeControl "180+1"]
[EndTime "8:55:24 PDT"]
[Termination "Khromkin won by checkmate"]

1. e4 c5 2. Nf3 Nc6 3. c3 d5 4.
exd5 Qxd5 5. d4 Bg4 6. Nbd2 cxd4 7. Bc4 Qd7 8. cxd4 e6 9. h3 Bh5 10. O-O Nf6 11. Qa4 Bd6 12. Bb5 O-O 13. Ne5 Bxe5 14. dxe5 Nd5 15. Qh4 Bg6 16. Nf3 Qe7 17. Bg5 Qb4 18.
Qxb4 Ncxb4 19. Rfd1 a6 20. Bf1 Rfc8 21. Nd4 Nc2 22.
Rac1 Nxd4 23. Rxc8+ Rxc8 24. Rxd4 h6 25. Bd2 Rc2 26. a4 Rxb2 27. a5 Rb1 28. g4 Bc2 29. Kg2 g5 30. h4 gxh4 31. Bxh6 h3+ 32. Kg1 h2+ 33. Kxh2 Rxf1 34. Kg2 Rb1 35. Rc4 Bd3 36. Rd4 Bb5 37. Bd2 Bc6 38. Kg3 Rb3+ 39. Kh4 Kg7 40. f4 Kg6 41. Be1 Ne3 42. Bg3 Nf1 43. Bf2 Bg2 44.
f5+ exf5 45. gxf5+ Kxf5 46. Bg3 Rxg3 47. e6 Rh3# 0-1

[Event "Early-Titled-Tuesday-Blitz-October-24-2023"]
[Site "Chess.com"]
[Date "2023.10.24"]
[Round "5"]
[White "Chessbard1972"]
[Black "Lady_Nika"]
[Result "1-0"]
[WhiteElo "2357"]
[BlackElo "2478"]
[TimeControl "180+1"]
[EndTime "8:55:25 PDT"]
[Termination "Chessbard1972 won by resignation"]

1. e4 c5 2. Nc3 e6 3. f4 a6 4.
a4 Qc7 5. Nf3 Nc6 6. Bc4 Qxf4 7.
d4 Qg4 8. d5 Nd4 9. O-O Nf6 10.
h3 Qh5 11. Be3 Nxf3+ 12. Rxf3 Be7 13. d6 Bd8 14. Qd2 b6 15. Raf1 Bb7 16. Qd3 O-O 17.
Rg3 Qe5 18. Rg5 Qxg5 19. Bxg5 Nxe4 20. Bxd8 Nxc3 21. Be7 Ne4 22. Bxf8 Rxf8 23. Qd1 f5 24. Qd3 Rf6 25. Bxa6 Bd5 26. Bc4 Bb7 27. Ra1 Rg6 28. Qe3 Nxd6 29. Bf1 e5 30. Qd2 f4 31. Kh1 f3 32. gxf3 Bxf3+ 33. Kh2 h5 34. Ra3 Bc6 35. Rg3 Rf6 36. Bg2 e4 37. Qg5 Ne8 38. Qxh5 Kf8 39.
Rg4 d5 40. a5 bxa5 41. Qe5 Kf7 42. Rg5 Nd6 43. b3 a4 44. bxa4 Nc4 45. Qc7+ Ke6 46. Qxc6+ Kf7 47. Qxd5+ Kf8 48. Qxc4 1-0

[Event "Early-Titled-Tuesday-Blitz-October-24-2023"]
[Site "Chess.com"]
[Date "2023.10.24"]
[Round "5"]
[White "leejunhyeok"]
[Black "IlyaGrigorjev"]
[Result "1-0"]
[WhiteElo "2679"]
[BlackElo "2914"]
[TimeControl "180+1"]
[EndTime "8:55:26 PDT"]
[Termination "leejunhyeok won on time"]

1. d4 Nf6 2. c4 g6 3. Nc3 d5 4. cxd5 Nxd5 5. e4 Nxc3 6. bxc3 Bg7 7. Bc4 c5 8. Ne2 Nc6 9. Be3 O-O 10. O-O b6 11. h4 e6 12. h5 cxd4 13. cxd4 Qh4 14. hxg6 hxg6 15. f3 Bb7 16. Qd2 Rac8 17. Rac1 Qh8 18.
Rfd1 Rfd8 19. a3 Bf6 20. Qb2 Na5 21. Ba2 Ba6 22. e5 Be7 23. Nf4 Bc4 24. a4 Bg5 25.
Qf2 Bxa2 26. Qxa2 Qh6 27. g3 Kg7 28. Kg2 Rxc1 29. Rxc1 Bxf4 30. Bxf4 Qh5 31. Rh1 Qf5 32. Bh6+ Kg8 33. g4 Qd3 34. Bg5 Rxd4 35. Bf6 Rxg4+ 36. fxg4 Qe4+ 37. Kg1 Qxg4+ 38. Qg2 Qd1+ 39. Kh2 Qh5+ 40. Kg3 1-0

[Event "Early-Titled-Tuesday-Blitz-October-24-2023"]
[Site "Chess.com"]
[Date "2023.10.24"]
[Round "5"]
[White "vladgoncharov"]
[Black "Cambek64"]
[Result "1-0"]
[WhiteElo "2590"]
[BlackElo "2444"]
[TimeControl "180+1"]
[EndTime "8:55:27 PDT"]
[Termination "vladgoncharov won on time"]

1. d4 d6 2. Nf3 Nf6 3. c4 g6 4. Nc3 Bg7 5. Bg5 O-O 6. e3 h6 7. Bh4 Nbd7 8. Be2 c6 9. Qc2 Qe8 10. O-O e5 11. dxe5 dxe5 12. Nd2 g5 13. Bg3 Qe7 14.
Rad1 a5 15. a3 Re8 16. h3 Nc5 17. b4 axb4 18. axb4 Na6 19. b5 Nc5 20. Bh2 e4 21. Ndb1 Nfd7 22. Bg4 Ra1 23. Bd6 Qf6 24. Bxc5 Nxc5 25.
Bxc8 Rxc8 26. Nxe4 Qg6 27. Nbd2 Rxd1 28. Rxd1 Rd8 29.
f3 Nxe4 30. Nxe4 Rxd1+ 31. Qxd1 cxb5 32. cxb5 Qb6 33. Qd3 f5 34. Qd5+ Kh8 35. Qxf5 Qxe3+ 36. Kh2 Qb6 37. h4 gxh4 38. Qg4 Qxb5 39. Kh3 Qc6 40.
Qxh4 b5 41. Qd8+ Kh7 42. Qe7 Qg6 43. g4 Qc6 44. g5 hxg5 45. Nxg5+ Kg6 46. Ne4 Qd5 47.
Qe8+ 1-0

[Event "Early-Titled-Tuesday-Blitz-October-24-2023"]
[Site "Chess.com"]
[Date "2023.10.24"]
[Round "5"]
[White "ylr5000"]
[Black "Keeper0416"]
[Result "0-1"]
[WhiteElo "2437"]
[BlackElo "2584"]
[TimeControl "180+1"]
[EndTime "8:55:27 PDT"]
[Termination "Keeper0416 won by resignation"]

1. d4 Nf6 2. c4 g6 3. Nc3 Bg7 4. e4 d6 5. Be2 O-O 6. Bg5 c5 7.
d5 e6 8. Qd2 exd5 9. exd5 Nbd7 10. Nf3 Qb6 11. O-O Re8 12. h3 a6 13. Bd3 Ne5 14.
Nxe5 Rxe5 15. Bf4 Re8 16. Rae1 Bd7 17. Qc2 Rxe1 18. Rxe1 Re8 19. Rxe8+ Nxe8 20. b3 Be5 21. Bd2 Qd8 22. Ne4 f5 23. Ng5 Ng7 24. Nf3 Bf6 25. Bf4 Qe7 26. Qe2 Qxe2 27. Bxe2 Ne8 28. h4 Kg7 29. a4 h6 30. g3 Be7 31. Bd3 Nf6 32. Kf1 b5 33. axb5 axb5 34. Ke2 bxc4 35. bxc4 Be8 36. Nd2 Ba4 37. Nb1 Ng4 38. Nc3 Be8 39.
Nb5 Ne5 40. h5 gxh5 41. Bxe5+ dxe5 42. Bxf5 Kf6 43. Bh3 e4 44. f4 exf3+ 45. Kxf3 Ke5 46. Ke3 h4 47. gxh4 Bxh4 48. Nc3 Bg5+ 49. Kf3 Bh5+ 50. Bg4 Bg6 51. Nb5 Be7 52. Be6 Bd3 53. Na3 h5 54.
Ke3 Bf1 55. Kf2 Bd3 56. Ke3 Be4 57. Kd2 h4 58. Kc3 Bg2 59. Nb5 h3 60. Bxh3 Bxh3 61. Kb3 0-1

[Event "Early-Titled-Tuesday-Blitz-October-24-2023"]
[Site "Chess.com"]
[Date "2023.10.24"]
[Round "5"]
[White "wanyaland"]
[Black "hsd2016"]
[Result "1-0"]
[WhiteElo "2452"]
[BlackElo "2277"]
[TimeControl "180+1"]
[EndTime "8:55:27 PDT"]
[Termination "wanyaland won by resignation"]

1. d4 d5 2. c4 Nf6 3. cxd5 Nxd5 4. e4 Nb4 5. d5 N4a6 6. Nc3 g6 7. Nf3 Bg7 8. Be2 Nd7 9. O-O O-O 10. Be3 Nf6 11. Rc1 e6 12. Qb3 exd5 13. exd5 Re8 14. h3 b6 15.
Rfd1 Rxe3 16. fxe3 Bh6 17. Nb5 Nc5 18. Qa3 Qe7 19. Rc3 Nfe4 20. Rc4 Ba6 21. Rc2 Ng3 22. Kf2 Nxe2 23. d6 cxd6 24. Nxd6 Rd8 25. b4 Ne4+ 26. Nxe4 Rxd1 27. Qxa6 Qxe4 28. Rxe2 Rd3 29. Qc8+ Kg7 30.
Qc1 Qxb4 31. g4 f6 32. Qc7+ Kg8 33. Qb8+ Qf8 34. Qxa7 Qd6 35. Qa8+ Kf7 36. Qb7+ Qd7 37. Qxb6 Rd6 38. Qb3+ Kg7 39. Nd4 Rxd4 40. exd4 Qxd4+ 41. Kg2 Qd1 42. Qf3 f5 43. Re7+ Kf6 44. Qxd1 1-0

[Event "Early-Titled-Tuesday-Blitz-October-24-2023"]
[Site "Chess.com"]
[Date "2023.10.24"]
[Round "5"]
[White "Politov_Pavel"]
[Black "LaPiToB"]
[Result "0-1"]
[WhiteElo "2041"]
[BlackElo "2275"]
[TimeControl "180+1"]
[EndTime "8:55:27 PDT"]
[Termination "LaPiToB won on time"]

1. d4 Nf6 2. c4 e6 3. Nc3 Bb4 4.
f3 c5 5. d5 d6 6. e4 O-O 7. Ne2 b5 8. a3 Bxc3+ 9. Nxc3 bxc4 10. Bxc4 exd5 11. Bxd5 Nxd5 12. Qxd5 Qb6 13. Qxa8 Bb7 14.
Nd5 Qa6 15. Nc7 Qa5+ 16. Bd2 Qxc7 17. Qxa7 Nc6 18. Qa4 Nd4 19. O-O Bc6 20. Qd1 Bb5 21.
Re1 Bc4 22. Be3 Bb3 23. Qd3 Bc2 24. Qc3 Rc8 25. Bxd4 cxd4 26. Qxc7 Rxc7 27. Re2 d3 28. Rd2 Kf8 29. b4 Ra7 30. Kf2 Ke7 31. a4 Kd7 32.
b5 Ra5 33. Ra3 Kc7 34. Rc3+ Kd7 35. b6 Rxa4 36. Rc7+ Ke6 37. b7 Rb4 38. Ke3 Rb3 39. f4 g6 40. g4 h6 41. f5+ gxf5 42. exf5+ Kf6 43. Kd4 Rb5 0-1

[Event "Early-Titled-Tuesday-Blitz-October-24-2023"]
[Site "Chess.com"]
[Date "2023.10.24"]
[Round "5"]
[White "Mr_Lion22"]
[Black "Nekoo04"]
[Result "1-0"]
[WhiteElo "2483"]
[BlackElo "2284"]
[TimeControl "180+1"]
[EndTime "8:55:28 PDT"]
[Termination "Mr_Lion22 won by resignation"]

1. d4 d5 2. c4 e6 3. Nc3 c6 4. e4 dxe4 5. Nxe4 Bb4+ 6. Bd2 Qxd4 7. Bxb4 Qxe4+ 8. Be2 Na6 9. Ba5 b6 10. Qd6 Bd7 11. O-O-O O-O-O 12. Bc3 Nf6 13. Bf3 Qxc4 14. Kb1 Ne4 15. Bxe4 Qxe4+ 16. Ka1 f6 17. Nf3 e5 18.
Rhe1 Qc4 19. Rc1 Be6 20. Qa3 Qb5 21. Bxe5 fxe5 22. Nxe5 Bd5 23. Nxc6 Bxc6 24. Re6 Kb7 25. Qc3 Nb4 26. a3 Rd3 27. Qxg7+ Ka6 28. Qxh8 Rxa3+ 29. bxa3 Qa4 30. Qb2 Nd3 31. Qc3 Nc5 32. Qc4+ Qxc4 33. Rxc4 Bd5 34. Rxc5 Bxe6 35. Rh5 Bg8 36.
Rg5 Bf7 37. Rg7 Bg6 38. f4 b5 39. g4 Ka5 40. f5 Be8 41. f6 1-0